Islanders vs Oilers

Created - 21 janvier 2021 at 20:35

Goals
1 2 3 OT1 T
Islanders 2 0 1 1 4
Oilers 2 1 0 0 3
Shots
1 2 3 OT1 T
Islanders 14 7 14 1 36
Oilers 16 12 7 2 37

1st period

1. Islanders , Brad Marchand 18 (Tyler Myers 11) at 0:17
2. Oilers , Ryan Johansen 10 (Brent Burns 23, Jacob Trouba 21) at 1:36 (PP)
3. Islanders , Colton Sceviour 10 (Neal Pionk 23) at 4:56
4. Oilers , Gustav Nyquist 10 (Brent Burns 24, Ryan Getzlaf 24) at 10:58

Penalties :
Nick Holden (NYI) for Holding Stick (Minor) at 1:12, Neal Pionk (NYI) for Roughing (Minor) at 2:39, Jacob Trouba (EDM) for Hooking (Minor) at 18:14, Brenden Dillon (EDM) for Boarding (Minor) at 19:03

2nd period

5. Oilers , Vladislav Gavrikov 3 (Pavel Zacha 13, Ryan Johansen 20) at 16:20

Penalties :
Neal Pionk (NYI) for Tripping (Minor) at 5:34, Jacob Trouba (EDM) for Delaying the game (Minor) at 13:15, Anthony Cirelli (NYI) for Interference (Minor) at 17:09

3rd period

6. Islanders , Brad Marchand 19 (Nick Holden 7) at 12:07

Penalties :
Evander Kane (EDM) for Roughing (Minor) at 5:37, Evander Kane (EDM) for Interference (Minor) at 19:50, Ben Chiarot (NYI) for Holding (Minor) at 19:50

Overtime #1

7. Islanders , Timo Meier 14 (Neal Pionk 24, Andrei Svechnikov 17) at 3:16

Penalties :
No Penalty

Goalie Stats

Mikko Koskinen (NYI), 34 saves from 37 shots - (0,919), W, 20-23-4, 63:17 minutes
Robin Lehner (EDM), 32 saves from 36 shots - (0,889), OTL, 15-9-7, 63:17 minutes

Players Stats for Islanders

Player Name              G  A  P  +/- PIM S  H  SB GA TA FO     MP     PP MP  PK MP  
------------------------------------------------------------------------------------
Andrei Svechnikov        0  1  1   1  0   0  1  0  0  0  0/0    18:26   2:57   0:00 
Anthony Cirelli          0  0  0   0  2   1  0  0  0  0  13/26  20:49   3:16   1:25 
Anthony DeAngelo         0  0  0   0  0   3  1  0  0  0  0/0    21:16   2:57   3:11 
Ben Chiarot              0  0  0   0  2   2  5  2  0  0  0/0    19:45   2:57   2:24 
Brad Marchand            2  0  2   1  0   7  4  0  0  0  6/11   21:17   3:30   3:21 
Colton Sceviour          1  0  1   0  0   4  0  0  0  0  6/13   14:34   0:19   0:00 
Dennis Cholowski         0  0  0   0  0   0  0  2  0  0  0/0    15:13   0:00   1:26 
Elias Pettersson         0  0  0   1  0   1  0  0  0  0  7/24   21:17   3:30   3:21 
Joe Pavelski             0  0  0   1  0   5  1  1  0  0  4/7    24:20   3:30   2:02 
Jordan Greenway          0  0  0   0  0   1  0  0  0  0  0/0    13:54   0:00   0:00 
Neal Pionk               0  2  2   2  4   1  0  4  0  0  0/0    25:34   3:49   1:30 
Nick Holden              0  1  1   0  2   1  1  0  0  0  0/0    13:55   0:00   0:00 
Nikita Gusev             0  0  0   0  0   1  0  0  0  0  0/0     6:05   0:00   0:58 
Richard Panik            0  0  0   0  0   4  0  0  0  0  0/0    14:13   0:19   0:00 
Sam Steel                0  0  0   0  0   0  0  0  0  0  2/5     6:42   0:00   1:35 
Timo Meier               1  0  1   1  0   4  2  0  0  0  0/3    18:26   2:57   0:00 
Travis Dermott           0  0  0   1  0   0  2  0  0  0  0/0     5:44   0:00   1:01 
Tyler Myers              0  1  1   0  0   1  1  2  0  0  0/0    21:46   3:49   3:10 

Players Stats for Oilers

Player Name              G  A  P  +/- PIM S  H  SB GA TA FO     MP     PP MP  PK MP  
------------------------------------------------------------------------------------
Adam Lowry               0  0  0   0  0   0  0  0  0  0  8/16   10:06   0:00   3:58 
Barclay Goodrow          0  0  0  -1  0   2  1  0  0  0  1/1    11:14   0:08   3:58 
Barrett Hayton           0  0  0  -2  0   1  0  0  0  0  2/11   11:15   0:08   0:15 
Brenden Dillon           0  0  0  -2  2   0  4  1  0  0  0/0    17:09   0:08   2:37 
Brent Burns              0  2  2   0  0   0  0  1  0  0  0/0    26:03   2:33   4:09 
Dylan DeMelo             0  0  0  -2  0   2  0  0  0  0  0/0    16:04   0:00   0:54 
Evander Kane             0  0  0  -1  4   5  3  0  0  0  0/0    21:12   3:37   0:00 
Gustav Nyquist           1  0  1   0  0   5  0  0  0  0  0/0    20:14   3:37   0:00 
Jacob Trouba             0  1  1   0  4   3  4  3  0  0  0/0    23:48   2:25   1:43 
Jason Zucker             0  0  0   1  0   0  0  0  0  0  0/0    16:07   2:36   0:15 
Nick Cousins             0  0  0   0  0   1  0  0  0  0  0/0     7:39   0:08   1:23 
Pavel Zacha              0  1  1   1  0   2  0  1  0  0  1/1    16:42   2:36   0:00 
Ryan Getzlaf             0  1  1   0  0   3  0  1  0  0  24/35  22:51   3:37   1:10 
Ryan Johansen            1  1  2   1  0   3  2  0  0  0  15/23  17:15   2:36   1:23 
Sam Bennett              0  0  0  -2  0   4  4  0  0  0  0/0    11:33   0:00   0:00 
Travis Hamonic           0  0  0   1  0   1  0  2  0  0  0/0    20:10   3:48   2:39 
Vladislav Gavrikov       1  0  1   0  0   2  0  0  0  0  0/0    20:00   3:48   1:29 
Yanni Gourde             0  0  0  -2  0   3  0  0  0  0  0/2    12:19   0:00   0:00 

3 Stars

1 - Brad Marchand (NYI)
2 - Ryan Johansen (EDM)
3 - Timo Meier (NYI)

Power Play

Islanders - 0 on 4 Attempt(s) - 0,00%
Oilers - 1 on 4 Attempt(s) - 25,00%

Penalty Kill

Islanders - 3 on 4 Attempt(s) - 75,00% - Score 0 goal in Penalty Kill
Oilers - 4 on 4 Attempt(s) - 100,00% - Score 0 goal in Penalty Kill

Team Stat

Islanders - Hits : 18 - Faceoff Wins : 38 - Blocked Shots : 11 - Penalty Minutes : 10
Oilers - Hits : 18 - Faceoff Wins : 51 - Blocked Shots : 9 - Penalty Minutes : 10

Official

Referees : Sean MacFarlane and Wes McCauley
Linesman : Pierre Racicot and Kyle Flemington

Game Notes

No Game Note

Finance

Level 1 -- Attendance: 6500 (100,00%) -- Ticket Income 793 000 $
Level 2 -- Attendance: 4594 (91,88%) -- Ticket Income 431 836 $
Level 3 -- Attendance: 3376 (96,46%) -- Ticket Income 253 200 $
Level 4 -- Attendance: 839 (100,00%) -- Ticket Income 61 247 $
Luxury Box -- Attendance: 983 (98,30%) -- Ticket Income 228 056 $
Game was played at the Rexall Place.
Total Attendance: 16292 (96,75%)
Total Ticket Income: 1 767 339 $
Other Income: 865 996 $
Total Income: 2 633 335 $

% Time on Ice - Islanders

Lines # - Real PCT - Wanted PCT - Time Play
Normal Forward
1 - 27% - 40% - 12:48
2 - 32% - 30% - 14:55
3 - 30% - 20% - 13:54
4 - 11% - 10% - 5:07
Normal Defense
1 - 30% - 40% - 13:49
2 - 31% - 30% - 14:25
3 - 29% - 20% - 13:47
4 - 10% - 10% - 4:43
PP Forward
1 - 52% - 60% - 3:30
2 - 48% - 40% - 3:16
PP Defense
1 - 56% - 60% - 3:49
2 - 44% - 40% - 2:57
PK Forward
1 - 68% - 60% - 4:19
2 - 32% - 40% - 2:02
PK Defense
1 - 62% - 60% - 3:57
2 - 38% - 40% - 2:24
PK3 Forward
1 - 0% - 60%
2 - 0% - 40%
PK3 Defense
1 - 0% - 60%
2 - 0% - 40%
44 Forward
1 - 100% - 60% - 0:09
2 - 0% - 40% - 0:00
44 Defense
1 - 0% - 60% - 0:00
2 - 100% - 40% - 0:09
Last Minute Offensive  - 0:00
Last Minute Defensive  - 0:00
Total
Forward - 60:00
Defense - 60:00

% Time on Ice - Oilers

Lines # - Real PCT - Wanted PCT - Time Play
Normal Forward
1 - 36% - 40% - 16:37
2 - 28% - 30% - 13:16
3 - 23% - 20% - 10:43
4 - 13% - 10% - 6:08
Normal Defense
1 - 40% - 40% - 18:37
2 - 29% - 30% - 13:43
3 - 31% - 30% - 14:24
4 - 0% - 0% - 0:00
PP Forward
1 - 59% - 60% - 3:45
2 - 41% - 40% - 2:36
PP Defense
1 - 40% - 60% - 2:33
2 - 60% - 40% - 3:48
PK Forward
1 - 75% - 60% - 4:13
2 - 25% - 40% - 1:23
PK Defense
1 - 76% - 60% - 4:17
2 - 24% - 40% - 1:19
PK3 Forward
1 - 100% - 60% - 1:10
2 - 0% - 40% - 0:00
PK3 Defense
1 - 43% - 60% - 0:30
2 - 57% - 40% - 0:40
44 Forward
1 - 100% - 60% - 0:09
2 - 0% - 40% - 0:00
44 Defense
1 - 100% - 60% - 0:09
2 - 0% - 40% - 0:00
Last Minute Offensive  - 0:00
Last Minute Defensive  - 0:00
Total
Forward - 60:00
Defense - 60:00

Play-by-Play

1st period


0:01 of 1st period - Ryan Getzlaf wins face-off versus Elias Pettersson in neutral zone.
0:06 of 1st period - Tyler Myers is hit by Evander Kane and loses puck.
0:17 of 1st period - Shot by Brad Marchand.
0:17 of 1st period - Goal by Brad Marchand - Islanders : 1 - Oilers : 0.
0:18 of 1st period - Anthony Cirelli wins face-off versus Ryan Johansen in neutral zone.
0:34 of 1st period - Shot by Pavel Zacha.
0:34 of 1st period - Shot Misses the Net.
0:36 of 1st period - Shot by Travis Hamonic.
0:36 of 1st period - Shot Misses the Net.
0:38 of 1st period - Shot by Travis Hamonic.
0:38 of 1st period - Shot Misses the Net.
0:40 of 1st period - Shot by Ryan Johansen.
0:40 of 1st period - Shot Misses the Net.
0:42 of 1st period - Shot by Pavel Zacha.
0:42 of 1st period - Stopped by Mikko Koskinen without a rebound.
0:43 of 1st period - Colton Sceviour wins face-off versus Barrett Hayton in Islanders zone.
1:12 of 1st period - Shot by Sam Bennett.
1:12 of 1st period - Stopped by Mikko Koskinen without a rebound.
1:12 of 1st period - Minor Penalty to Nick Holden for Holding Stick.
1:13 of 1st period - Ryan Getzlaf wins face-off versus Brad Marchand in Islanders zone.
1:20 of 1st period - Shot by Ryan Getzlaf.
1:20 of 1st period - Shot Blocked by Neal Pionk.
1:22 of 1st period - Shot by Jacob Trouba.
1:22 of 1st period - Stopped by Mikko Koskinen without a rebound.
1:23 of 1st period - Ryan Johansen wins face-off versus Brad Marchand in Islanders zone.
1:36 of 1st period - Shot by Ryan Johansen.
1:36 of 1st period - Goal by Ryan Johansen - Islanders : 1 - Oilers : 1.
1:37 of 1st period - Sam Steel wins face-off versus Ryan Getzlaf in neutral zone.
2:02 of 1st period - Shot by Evander Kane.
2:02 of 1st period - Stopped by Mikko Koskinen with a rebound.
2:04 of 1st period - Shot by Gustav Nyquist.
2:04 of 1st period - Stopped by Mikko Koskinen without a rebound.
2:05 of 1st period - Ryan Johansen wins face-off versus Anthony Cirelli in Islanders zone.
2:39 of 1st period - Minor Penalty to Neal Pionk for Roughing.
2:40 of 1st period - Brad Marchand wins face-off versus Ryan Getzlaf in Islanders zone.
4:56 of 1st period - Shot by Colton Sceviour.
4:56 of 1st period - Goal by Colton Sceviour - Islanders : 2 - Oilers : 1.
4:57 of 1st period - Colton Sceviour wins face-off versus Adam Lowry in neutral zone.
5:08 of 1st period - Shot by Barclay Goodrow.
5:08 of 1st period - Shot Misses the Net.
6:11 of 1st period - Shot by Barrett Hayton.
6:11 of 1st period - Stopped by Mikko Koskinen without a rebound.
6:12 of 1st period - Brad Marchand wins face-off versus Ryan Johansen in Islanders zone.
6:23 of 1st period - Shot by Brad Marchand.
6:23 of 1st period - Shot Misses the Net.
6:25 of 1st period - Shot by Elias Pettersson.
6:25 of 1st period - Stopped by Robin Lehner without a rebound.
6:26 of 1st period - Anthony Cirelli wins face-off versus Ryan Getzlaf in Oilers zone.
6:37 of 1st period - Shot by Timo Meier.
6:37 of 1st period - Stopped by Robin Lehner without a rebound.
6:38 of 1st period - Ryan Johansen wins face-off versus Elias Pettersson in Oilers zone.
7:05 of 1st period - Shot by Elias Pettersson.
7:05 of 1st period - Shot Blocked by Jacob Trouba.
7:16 of 1st period - Icing by Tyler Myers.
7:17 of 1st period - Joe Pavelski wins face-off versus Ryan Getzlaf in Islanders zone.
7:21 of 1st period - Icing by Elias Pettersson.
7:22 of 1st period - Ryan Getzlaf wins face-off versus Elias Pettersson in Islanders zone.
8:01 of 1st period - Shot by Ryan Getzlaf.
8:01 of 1st period - Stopped by Mikko Koskinen with a rebound.
8:03 of 1st period - Shot by Dylan DeMelo.
8:03 of 1st period - Stopped by Mikko Koskinen without a rebound.
8:04 of 1st period - Anthony Cirelli wins face-off versus Ryan Johansen in Islanders zone.
8:21 of 1st period - Shot by Timo Meier.
8:21 of 1st period - Stopped by Robin Lehner without a rebound.
8:22 of 1st period - Colton Sceviour wins face-off versus Barrett Hayton in Oilers zone.
8:42 of 1st period - Off-side.
8:43 of 1st period - Ryan Getzlaf wins face-off versus Anthony Cirelli in neutral zone.
8:46 of 1st period - Shot by Evander Kane.
8:46 of 1st period - Shot Misses the Net.
8:48 of 1st period - Shot by Gustav Nyquist.
8:48 of 1st period - Stopped by Mikko Koskinen without a rebound.
8:49 of 1st period - Ryan Getzlaf wins face-off versus Timo Meier in Islanders zone.
8:54 of 1st period - Ryan Getzlaf is hit by Ben Chiarot and loses puck.
9:04 of 1st period - Gustav Nyquist is hit by Ben Chiarot and loses puck.
9:29 of 1st period - Ryan Getzlaf is hit by Ben Chiarot and loses puck.
9:58 of 1st period - Jason Zucker is hit by Ben Chiarot and loses puck.
10:46 of 1st period - Shot by Yanni Gourde.
10:46 of 1st period - Deflect By Sam Bennett.
10:46 of 1st period - Stopped by Mikko Koskinen without a rebound.
10:47 of 1st period - Adam Lowry wins face-off versus Elias Pettersson in Islanders zone.
10:52 of 1st period - Shot by Nick Cousins.
10:52 of 1st period - Stopped by Mikko Koskinen without a rebound.
10:53 of 1st period - Ryan Getzlaf wins face-off versus Elias Pettersson in Islanders zone.
10:58 of 1st period - Shot by Gustav Nyquist.
10:58 of 1st period - Goal by Gustav Nyquist - Islanders : 2 - Oilers : 2.
10:59 of 1st period - Elias Pettersson wins face-off versus Ryan Getzlaf in neutral zone.
11:02 of 1st period - Shot by Brad Marchand.
11:02 of 1st period - Deflect By Joe Pavelski.
11:02 of 1st period - Shot Misses the Net.
11:20 of 1st period - Shot by Joe Pavelski.
11:20 of 1st period - Stopped by Robin Lehner without a rebound.
11:21 of 1st period - Ryan Johansen wins face-off versus Colton Sceviour in Oilers zone.
11:34 of 1st period - Shot by Jordan Greenway.
11:34 of 1st period - Shot Misses the Net.
11:36 of 1st period - Shot by Nick Holden.
11:36 of 1st period - Stopped by Robin Lehner without a rebound.
11:37 of 1st period - Ryan Getzlaf wins face-off versus Joe Pavelski in Oilers zone.
11:50 of 1st period - Shot by Evander Kane.
11:50 of 1st period - Stopped by Mikko Koskinen without a rebound.
11:51 of 1st period - Colton Sceviour wins face-off versus Barrett Hayton in Islanders zone.
12:40 of 1st period - Icing by Jacob Trouba.
12:41 of 1st period - Elias Pettersson wins face-off versus Barrett Hayton in Oilers zone.
12:42 of 1st period - Shot by Brad Marchand.
12:42 of 1st period - Stopped by Robin Lehner with a rebound.
12:50 of 1st period - Tyler Myers is hit by Sam Bennett and loses puck.
13:17 of 1st period - Shot by Brad Marchand.
13:17 of 1st period - Stopped by Robin Lehner without a rebound.
13:18 of 1st period - Anthony Cirelli wins face-off versus Ryan Johansen in Oilers zone.
13:40 of 1st period - Shot by Andrei Svechnikov.
13:40 of 1st period - Shot Blocked by Pavel Zacha.
13:48 of 1st period - Shot by Ryan Johansen.
13:48 of 1st period - Deflect By Pavel Zacha.
13:48 of 1st period - Stopped by Mikko Koskinen without a rebound.
13:49 of 1st period - Ryan Getzlaf wins face-off versus Colton Sceviour in Islanders zone.
14:07 of 1st period - Icing by Richard Panik.
14:08 of 1st period - Adam Lowry wins face-off versus Colton Sceviour in Islanders zone.
14:42 of 1st period - Colton Sceviour is hit by Barclay Goodrow and loses puck.
15:03 of 1st period - Shot by Joe Pavelski.
15:03 of 1st period - Shot Misses the Net.
15:05 of 1st period - Shot by Joe Pavelski.
15:05 of 1st period - Stopped by Robin Lehner without a rebound.
15:06 of 1st period - Ryan Getzlaf wins face-off versus Anthony Cirelli in Oilers zone.
15:06 of 1st period - Ryan Getzlaf is hit by Timo Meier.
15:22 of 1st period - Shot by Evander Kane.
15:22 of 1st period - Stopped by Mikko Koskinen without a rebound.
15:23 of 1st period - Ryan Johansen wins face-off versus Elias Pettersson in Islanders zone.
15:30 of 1st period - Shot by Ryan Johansen.
15:30 of 1st period - Shot Misses the Net.
15:38 of 1st period - Shot by Pavel Zacha.
15:38 of 1st period - Shot Misses the Net.
15:50 of 1st period - Shot by Ryan Johansen.
15:50 of 1st period - Shot Misses the Net.
16:15 of 1st period - Icing by Dylan DeMelo.
16:16 of 1st period - Ryan Johansen wins face-off versus Anthony Cirelli in Oilers zone.
16:42 of 1st period - Shot by Gustav Nyquist.
16:42 of 1st period - Shot Blocked by Tyler Myers.
16:56 of 1st period - Shot by Evander Kane.
16:56 of 1st period - Deflect By Ryan Getzlaf.
16:56 of 1st period - Shot Blocked by Tyler Myers.
17:39 of 1st period - Shot by Colton Sceviour.
17:39 of 1st period - Stopped by Robin Lehner without a rebound.
17:40 of 1st period - Elias Pettersson wins face-off versus Barrett Hayton in Oilers zone.
17:40 of 1st period - Brad Marchand is hit by Jacob Trouba and loses puck.
18:14 of 1st period - Minor Penalty to Jacob Trouba for Hooking.
18:15 of 1st period - Adam Lowry wins face-off versus Anthony Cirelli in Oilers zone.
18:15 of 1st period - Adam Lowry is hit by Timo Meier.
18:24 of 1st period - Off-side.
18:25 of 1st period - Anthony Cirelli wins face-off versus Adam Lowry in neutral zone.
18:53 of 1st period - Timo Meier is hit by Brenden Dillon and loses puck.
19:03 of 1st period - Minor Penalty to Brenden Dillon for Boarding.
19:04 of 1st period - Ryan Getzlaf wins face-off versus Elias Pettersson in Oilers zone.
19:19 of 1st period - Shot by Anthony DeAngelo.
19:19 of 1st period - Stopped by Robin Lehner without a rebound.
19:20 of 1st period - Elias Pettersson wins face-off versus Ryan Getzlaf in Oilers zone.
19:27 of 1st period - Shot by Joe Pavelski.
19:27 of 1st period - Stopped by Robin Lehner without a rebound.
19:28 of 1st period - Ryan Getzlaf wins face-off versus Elias Pettersson in Oilers zone.
19:34 of 1st period - Icing by Tyler Myers.
19:35 of 1st period - Elias Pettersson wins face-off versus Ryan Getzlaf in Islanders zone.
19:42 of 1st period - Shot by Brad Marchand.
19:42 of 1st period - Shot Misses the Net.
19:50 of 1st period - Shot by Tyler Myers.
19:50 of 1st period - Stopped by Robin Lehner without a rebound.
19:51 of 1st period - Ryan Getzlaf wins face-off versus Timo Meier in Oilers zone.
Goals for this period are 2 for Islanders vs 2 for Oilers.
Shots for this period are 14 for Islanders vs 16 for Oilers.

2nd period


0:01 of 2nd period - Ryan Getzlaf wins face-off versus Elias Pettersson in neutral zone.
0:10 of 2nd period - Shot by Ryan Getzlaf.
0:10 of 2nd period - Shot Misses the Net.
0:36 of 2nd period - Shot by Joe Pavelski.
0:36 of 2nd period - Shot Hit the Post.
0:38 of 2nd period - Shot by Tyler Myers.
0:38 of 2nd period - Shot Blocked by Travis Hamonic.
0:40 of 2nd period - Shot by Neal Pionk.
0:40 of 2nd period - Stopped by Robin Lehner without a rebound.
0:41 of 2nd period - Anthony Cirelli wins face-off versus Adam Lowry in Oilers zone.
1:28 of 2nd period - Shot by Ryan Getzlaf.
1:28 of 2nd period - Shot Misses the Net.
2:08 of 2nd period - Shot by Joe Pavelski.
2:08 of 2nd period - Stopped by Robin Lehner without a rebound.
2:09 of 2nd period - Ryan Johansen wins face-off versus Anthony Cirelli in Oilers zone.
2:22 of 2nd period - Shot by Ryan Johansen.
2:22 of 2nd period - Stopped by Mikko Koskinen without a rebound.
2:23 of 2nd period - Elias Pettersson wins face-off versus Yanni Gourde in Islanders zone.
2:23 of 2nd period - Elias Pettersson is hit by Sam Bennett.
2:54 of 2nd period - Joe Pavelski is hit by Sam Bennett and loses puck.
3:09 of 2nd period - Off-side.
3:10 of 2nd period - Ryan Johansen wins face-off versus Anthony Cirelli in neutral zone.
3:21 of 2nd period - Shot by Timo Meier.
3:21 of 2nd period - Shot Misses the Net.
4:06 of 2nd period - Shot by Evander Kane.
4:06 of 2nd period - Shot Misses the Net.
4:42 of 2nd period - Shot by Richard Panik.
4:42 of 2nd period - Stopped by Robin Lehner without a rebound.
4:43 of 2nd period - Joe Pavelski wins face-off versus Adam Lowry in Oilers zone.
4:55 of 2nd period - Shot by Barclay Goodrow.
4:55 of 2nd period - Stopped by Mikko Koskinen without a rebound.
4:56 of 2nd period - Sam Steel wins face-off versus Barrett Hayton in Islanders zone.
5:24 of 2nd period - Yanni Gourde is hit by Tyler Myers and loses puck.
5:34 of 2nd period - Minor Penalty to Neal Pionk for Tripping.
5:35 of 2nd period - Ryan Getzlaf wins face-off versus Brad Marchand in Islanders zone.
7:09 of 2nd period - Anthony DeAngelo is hit by Ryan Johansen and loses puck.
7:37 of 2nd period - Shot by Sam Bennett.
7:37 of 2nd period - Stopped by Mikko Koskinen with a rebound.
7:39 of 2nd period - Shot by Dylan DeMelo.
7:39 of 2nd period - Stopped by Mikko Koskinen without a rebound.
7:40 of 2nd period - Adam Lowry wins face-off versus Colton Sceviour in Islanders zone.
8:42 of 2nd period - Icing by Brad Marchand.
8:43 of 2nd period - Joe Pavelski wins face-off versus Ryan Getzlaf in Islanders zone.
8:48 of 2nd period - Shot by Evander Kane.
8:48 of 2nd period - Stopped by Mikko Koskinen without a rebound.
8:49 of 2nd period - Anthony Cirelli wins face-off versus Ryan Getzlaf in Islanders zone.
8:51 of 2nd period - Icing by Neal Pionk.
8:52 of 2nd period - Ryan Getzlaf wins face-off versus Anthony Cirelli in Islanders zone.
8:57 of 2nd period - Shot by Ryan Getzlaf.
8:57 of 2nd period - Stopped by Mikko Koskinen without a rebound.
8:58 of 2nd period - Ryan Getzlaf wins face-off versus Elias Pettersson in Islanders zone.
9:05 of 2nd period - Shot by Gustav Nyquist.
9:05 of 2nd period - Shot Misses the Net.
10:13 of 2nd period - Shot by Pavel Zacha.
10:13 of 2nd period - Shot Blocked by Ben Chiarot.
10:25 of 2nd period - Shot by Andrei Svechnikov.
10:25 of 2nd period - Shot Blocked by Travis Hamonic.
10:27 of 2nd period - Shot by Andrei Svechnikov.
10:27 of 2nd period - Shot Misses the Net.
10:29 of 2nd period - Shot by Timo Meier.
10:29 of 2nd period - Shot Misses the Net.
11:19 of 2nd period - Shot by Richard Panik.
11:19 of 2nd period - Stopped by Robin Lehner without a rebound.
11:20 of 2nd period - Adam Lowry wins face-off versus Sam Steel in Oilers zone.
11:29 of 2nd period - Shot by Nikita Gusev.
11:29 of 2nd period - Stopped by Robin Lehner with a rebound.
12:32 of 2nd period - Shot by Gustav Nyquist.
12:32 of 2nd period - Stopped by Mikko Koskinen with a rebound.
12:34 of 2nd period - Shot by Dylan DeMelo.
12:34 of 2nd period - Shot Misses the Net.
12:42 of 2nd period - Shot by Gustav Nyquist.
12:42 of 2nd period - Shot Blocked by Dennis Cholowski.
13:00 of 2nd period - Shot by Travis Hamonic.
13:00 of 2nd period - Stopped by Mikko Koskinen without a rebound.
13:01 of 2nd period - Ryan Johansen wins face-off versus Colton Sceviour in Islanders zone.
13:07 of 2nd period - Anthony DeAngelo is hit by Jacob Trouba and loses puck.
13:15 of 2nd period - Minor Penalty to Jacob Trouba for Delaying the game.
13:16 of 2nd period - Joe Pavelski wins face-off versus Adam Lowry in Oilers zone.
13:25 of 2nd period - Shot by Ben Chiarot.
13:25 of 2nd period - Stopped by Robin Lehner with a rebound.
13:27 of 2nd period - Shot by Anthony DeAngelo.
13:27 of 2nd period - Shot Blocked by Brenden Dillon.
13:29 of 2nd period - Shot by Ben Chiarot.
13:29 of 2nd period - Stopped by Robin Lehner without a rebound.
13:30 of 2nd period - Adam Lowry wins face-off versus Anthony Cirelli in Oilers zone.
14:32 of 2nd period - Shot by Anthony DeAngelo.
14:32 of 2nd period - Shot Misses the Net.
16:14 of 2nd period - Shot by Pavel Zacha.
16:14 of 2nd period - Deflect By Jason Zucker.
16:14 of 2nd period - Shot Blocked by Dennis Cholowski.
16:16 of 2nd period - Shot by Ryan Johansen.
16:16 of 2nd period - Shot Misses the Net.
16:18 of 2nd period - Shot by Pavel Zacha.
16:18 of 2nd period - Shot Misses the Net.
16:20 of 2nd period - Shot by Vladislav Gavrikov.
16:20 of 2nd period - Goal by Vladislav Gavrikov - Islanders : 2 - Oilers : 3.
16:21 of 2nd period - Elias Pettersson wins face-off versus Barrett Hayton in neutral zone.
16:27 of 2nd period - Elias Pettersson is hit by Jacob Trouba.
16:42 of 2nd period - Yanni Gourde is hit by Brad Marchand and loses puck.
17:09 of 2nd period - Minor Penalty to Anthony Cirelli for Interference.
17:10 of 2nd period - Ryan Getzlaf wins face-off versus Brad Marchand in Islanders zone.
17:31 of 2nd period - Shot by Travis Hamonic.
17:31 of 2nd period - Shot Misses the Net.
17:33 of 2nd period - Shot by Vladislav Gavrikov.
17:33 of 2nd period - Shot Misses the Net.
17:35 of 2nd period - Shot by Vladislav Gavrikov.
17:35 of 2nd period - Shot Misses the Net.
17:39 of 2nd period - Shot by Evander Kane.
17:39 of 2nd period - Stopped by Mikko Koskinen without a rebound.
17:40 of 2nd period - Ryan Johansen wins face-off versus Elias Pettersson in Islanders zone.
17:41 of 2nd period - Shot by Vladislav Gavrikov.
17:41 of 2nd period - Stopped by Mikko Koskinen with a rebound.
17:58 of 2nd period - Icing by Vladislav Gavrikov.
17:59 of 2nd period - Ryan Johansen wins face-off versus Brad Marchand in Oilers zone.
17:59 of 2nd period - Ryan Johansen is hit by Brad Marchand.
18:04 of 2nd period - Icing by Ryan Johansen.
18:05 of 2nd period - Brad Marchand wins face-off versus Ryan Johansen in Oilers zone.
18:23 of 2nd period - Jason Zucker is hit by Anthony DeAngelo.
19:06 of 2nd period - Shot by Jacob Trouba.
19:06 of 2nd period - Stopped by Mikko Koskinen without a rebound.
19:07 of 2nd period - Brad Marchand wins face-off versus Ryan Johansen in Islanders zone.
Goals for this period are 0 for Islanders vs 1 for Oilers.
Shots for this period are 7 for Islanders vs 12 for Oilers.

3rd period


0:01 of 3rd period - Ryan Getzlaf wins face-off versus Elias Pettersson in neutral zone.
0:14 of 3rd period - Shot by Brad Marchand.
0:14 of 3rd period - Stopped by Robin Lehner without a rebound.
0:15 of 3rd period - Anthony Cirelli wins face-off versus Ryan Johansen in Oilers zone.
2:33 of 3rd period - Off-side.
2:34 of 3rd period - Barclay Goodrow wins face-off versus Anthony Cirelli in neutral zone.
2:52 of 3rd period - Timo Meier is hit by Jacob Trouba and loses puck.
3:51 of 3rd period - Shot by Joe Pavelski.
3:51 of 3rd period - Stopped by Robin Lehner without a rebound.
3:52 of 3rd period - Ryan Getzlaf wins face-off versus Colton Sceviour in Oilers zone.
3:57 of 3rd period - Shot by Evander Kane.
3:57 of 3rd period - Shot Misses the Net.
4:09 of 3rd period - Shot by Evander Kane.
4:09 of 3rd period - Deflect By Gustav Nyquist.
4:09 of 3rd period - Stopped by Mikko Koskinen without a rebound.
4:10 of 3rd period - Ryan Johansen wins face-off versus Sam Steel in Islanders zone.
4:33 of 3rd period - Shot by Pavel Zacha.
4:33 of 3rd period - Shot Blocked by Ben Chiarot.
4:48 of 3rd period - Off-side.
4:49 of 3rd period - Ryan Getzlaf wins face-off versus Anthony Cirelli in neutral zone.
5:02 of 3rd period - Icing by Tyler Myers.
5:03 of 3rd period - Barrett Hayton wins face-off versus Anthony Cirelli in Islanders zone.
5:04 of 3rd period - Shot by Jacob Trouba.
5:04 of 3rd period - Stopped by Mikko Koskinen without a rebound.
5:05 of 3rd period - Anthony Cirelli wins face-off versus Ryan Getzlaf in Islanders zone.
5:05 of 3rd period - Anthony Cirelli is hit by Evander Kane.
5:23 of 3rd period - Shot by Timo Meier.
5:23 of 3rd period - Shot Hit the Post.
5:36 of 3rd period - Anthony Cirelli is hit by Evander Kane and loses puck.
5:37 of 3rd period - Minor Penalty to Evander Kane for Roughing.
5:38 of 3rd period - Adam Lowry wins face-off versus Elias Pettersson in Oilers zone.
5:51 of 3rd period - Barclay Goodrow is hit by Brad Marchand and loses puck.
6:28 of 3rd period - Anthony Cirelli is hit by Ryan Johansen and loses puck.
6:41 of 3rd period - Shot by Anthony Cirelli.
6:41 of 3rd period - Stopped by Robin Lehner without a rebound.
6:42 of 3rd period - Anthony Cirelli wins face-off versus Adam Lowry in Oilers zone.
7:28 of 3rd period - Shot by Anthony DeAngelo.
7:28 of 3rd period - Stopped by Robin Lehner without a rebound.
7:29 of 3rd period - Ryan Johansen wins face-off versus Elias Pettersson in Oilers zone.
8:45 of 3rd period - Shot by Jason Zucker.
8:45 of 3rd period - Deflect By Ryan Johansen.
8:45 of 3rd period - Shot Blocked by Joe Pavelski.
8:47 of 3rd period - Shot by Ryan Johansen.
8:47 of 3rd period - Shot Misses the Net.
9:03 of 3rd period - Shot by Pavel Zacha.
9:03 of 3rd period - Shot Misses the Net.
9:05 of 3rd period - Shot by Jason Zucker.
9:05 of 3rd period - Shot Misses the Net.
9:54 of 3rd period - Brent Burns is hit by Ben Chiarot and loses puck.
10:08 of 3rd period - Icing by Anthony DeAngelo.
10:09 of 3rd period - Anthony Cirelli wins face-off versus Adam Lowry in Islanders zone.
10:15 of 3rd period - Shot by Timo Meier.
10:15 of 3rd period - Stopped by Robin Lehner without a rebound.
10:16 of 3rd period - Colton Sceviour wins face-off versus Ryan Getzlaf in Oilers zone.
10:27 of 3rd period - Shot by Colton Sceviour.
10:27 of 3rd period - Shot Blocked by Ryan Getzlaf.
11:54 of 3rd period - Shot by Brad Marchand.
11:54 of 3rd period - Shot Misses the Net.
12:03 of 3rd period - Shot by Brad Marchand.
12:03 of 3rd period - Stopped by Robin Lehner without a rebound.
12:04 of 3rd period - Brad Marchand wins face-off versus Barrett Hayton in Oilers zone.
12:05 of 3rd period - Shot by Nick Holden.
12:05 of 3rd period - Deflect By Brad Marchand.
12:05 of 3rd period - Shot Misses the Net.
12:07 of 3rd period - Shot by Brad Marchand.
12:07 of 3rd period - Goal by Brad Marchand - Islanders : 3 - Oilers : 3.
12:08 of 3rd period - Barrett Hayton wins face-off versus Joe Pavelski in neutral zone.
12:08 of 3rd period - Barrett Hayton is hit by Brad Marchand.
12:22 of 3rd period - Shot by Sam Bennett.
12:22 of 3rd period - Shot Misses the Net.
12:31 of 3rd period - Sam Bennett is hit by Nick Holden and loses puck.
12:40 of 3rd period - Shot by Dylan DeMelo.
12:40 of 3rd period - Shot Misses the Net.
12:42 of 3rd period - Shot by Yanni Gourde.
12:42 of 3rd period - Stopped by Mikko Koskinen without a rebound.
12:43 of 3rd period - Ryan Getzlaf wins face-off versus Timo Meier in Islanders zone.
13:57 of 3rd period - Shot by Colton Sceviour.
13:57 of 3rd period - Stopped by Robin Lehner with a rebound.
13:59 of 3rd period - Shot by Jordan Greenway.
13:59 of 3rd period - Deflect By Colton Sceviour.
13:59 of 3rd period - Stopped by Robin Lehner with a rebound.
14:01 of 3rd period - Shot by Anthony DeAngelo.
14:01 of 3rd period - Stopped by Robin Lehner with a rebound.
14:03 of 3rd period - Shot by Anthony DeAngelo.
14:03 of 3rd period - Shot Blocked by Jacob Trouba.
14:05 of 3rd period - Shot by Ben Chiarot.
14:05 of 3rd period - Shot Misses the Net.
14:07 of 3rd period - Shot by Jordan Greenway.
14:07 of 3rd period - Stopped by Robin Lehner with a rebound.
14:49 of 3rd period - Dylan DeMelo is hit by Joe Pavelski and loses puck.
15:10 of 3rd period - Shot by Sam Bennett.
15:10 of 3rd period - Stopped by Mikko Koskinen without a rebound.
15:11 of 3rd period - Ryan Getzlaf wins face-off versus Sam Steel in Islanders zone.
15:17 of 3rd period - Evander Kane is hit by Travis Dermott and loses puck.
15:27 of 3rd period - Evander Kane is hit by Travis Dermott.
15:31 of 3rd period - Shot by Ryan Getzlaf.
15:31 of 3rd period - Shot Blocked by Neal Pionk.
15:33 of 3rd period - Shot by Vladislav Gavrikov.
15:33 of 3rd period - Shot Misses the Net.
15:39 of 3rd period - Shot by Ryan Getzlaf.
15:39 of 3rd period - Shot Misses the Net.
15:41 of 3rd period - Shot by Ryan Getzlaf.
15:41 of 3rd period - Shot Misses the Net.
15:43 of 3rd period - Shot by Vladislav Gavrikov.
15:43 of 3rd period - Deflect By Ryan Getzlaf.
15:43 of 3rd period - Stopped by Mikko Koskinen without a rebound.
15:44 of 3rd period - Adam Lowry wins face-off versus Colton Sceviour in Islanders zone.
16:07 of 3rd period - Shot by Barclay Goodrow.
16:07 of 3rd period - Stopped by Mikko Koskinen without a rebound.
16:08 of 3rd period - Anthony Cirelli wins face-off versus Barrett Hayton in Islanders zone.
16:48 of 3rd period - Dennis Cholowski is hit by Sam Bennett and loses puck.
17:23 of 3rd period - Shot by Richard Panik.
17:23 of 3rd period - Stopped by Robin Lehner without a rebound.
17:24 of 3rd period - Ryan Johansen wins face-off versus Elias Pettersson in Oilers zone.
17:33 of 3rd period - Shot by Pavel Zacha.
17:33 of 3rd period - Shot Misses the Net.
17:35 of 3rd period - Shot by Brenden Dillon.
17:35 of 3rd period - Shot Misses the Net.
17:37 of 3rd period - Shot by Ryan Johansen.
17:37 of 3rd period - Stopped by Mikko Koskinen without a rebound.
17:38 of 3rd period - Colton Sceviour wins face-off versus Adam Lowry in Islanders zone.
18:04 of 3rd period - Shot by Richard Panik.
18:04 of 3rd period - Stopped by Robin Lehner without a rebound.
18:05 of 3rd period - Ryan Getzlaf wins face-off versus Elias Pettersson in Oilers zone.
18:29 of 3rd period - Shot by Brad Marchand.
18:29 of 3rd period - Stopped by Robin Lehner without a rebound.
18:30 of 3rd period - Anthony Cirelli wins face-off versus Ryan Johansen in Oilers zone.
18:30 of 3rd period - Anthony Cirelli is hit by Brenden Dillon.
18:33 of 3rd period - Timo Meier is hit by Brenden Dillon and loses puck.
18:37 of 3rd period - Icing by Brenden Dillon.
18:38 of 3rd period - Ryan Johansen wins face-off versus Anthony Cirelli in Oilers zone.
18:38 of 3rd period - Ryan Johansen is hit by Andrei Svechnikov.
19:00 of 3rd period - Shot by Andrei Svechnikov.
19:00 of 3rd period - Shot Misses the Net.
19:20 of 3rd period - Timo Meier is hit by Brenden Dillon and loses puck.
19:50 of 3rd period - Minor Penalty to Evander Kane for Interference.
19:50 of 3rd period - Minor Penalty to Ben Chiarot for Holding.
19:51 of 3rd period - Brad Marchand wins face-off versus Yanni Gourde in Islanders zone.
Goals for this period are 1 for Islanders vs 0 for Oilers.
Shots for this period are 14 for Islanders vs 7 for Oilers.

Overtime #1


0:01 of 1st overtime period - Ryan Getzlaf wins face-off versus Elias Pettersson in neutral zone.
0:06 of 1st overtime period - Shot by Ryan Getzlaf.
0:06 of 1st overtime period - Shot Misses the Net.
0:08 of 1st overtime period - Shot by Yanni Gourde.
0:08 of 1st overtime period - Stopped by Mikko Koskinen with a rebound.
0:28 of 1st overtime period - Shot by Ryan Getzlaf.
0:28 of 1st overtime period - Deflect By Yanni Gourde.
0:28 of 1st overtime period - Shot Misses the Net.
0:30 of 1st overtime period - Shot by Yanni Gourde.
0:30 of 1st overtime period - Stopped by Mikko Koskinen without a rebound.
0:31 of 1st overtime period - Pavel Zacha wins face-off versus Joe Pavelski in Islanders zone.
0:44 of 1st overtime period - Shot by Sam Bennett.
0:44 of 1st overtime period - Shot Blocked by Neal Pionk.
1:04 of 1st overtime period - Shot by Anthony Cirelli.
1:04 of 1st overtime period - Shot Blocked by Brent Burns.
1:38 of 1st overtime period - Shot by Brad Marchand.
1:38 of 1st overtime period - Shot Blocked by Jacob Trouba.
2:00 of 1st overtime period - Shot by Ryan Getzlaf.
2:00 of 1st overtime period - Shot Misses the Net.
2:56 of 1st overtime period - Shot by Evander Kane.
2:56 of 1st overtime period - Shot Blocked by Neal Pionk.
3:16 of 1st overtime period - Shot by Timo Meier.
3:16 of 1st overtime period - Goal by Timo Meier - Islanders : 4 - Oilers : 3.
Goals for this period are 1 for Islanders vs 0 for Oilers.
Shots for this period are 1 for Islanders vs 2 for Oilers.